Get step-by-step instructions on how to execute this build order below. Start the game timer, and the build order will tick by so you can play in parallel with StarCraft on a second screen or mobile device.

Game Time

  0:00

Last Step

  N/A

Next Step

Upcoming Step



Don't want to look back and forth between 2 screens? Try out our Overwolf App, the Spawning Tool Build Advisor to get an in-game overlay with this build!

Complete Build Order

  12  0:08  Pylon  
  13  0:13  Probe  do not chrono
  13  0:27  Gateway  
  14  0:30  Probe x3 (Chrono Boost)  chrono, make probe till 18 supply
  15  0:42  Assimilator x2  Move probes over as soon as it finishes
  18  1:02  Pylon  
  18  1:05  Probe (Chrono Boost)  
  18  1:15  Cybernetics Core  
  19  1:20  Probe x3 (Chrono Boost)  Create probe until 21 supply with both gases filled
  21  1:55  Robotics Facility  Robo Facility before twilight to give the option to get out observer first and also because warp prism needs some extra time to travel across the map
  21  1:58  Twilight Council  
  22  2:00  Probe  
  22  2:07  Shield Battery  Create in your mineral line to defend vs reaper and oracle
  22  2:09  Warp Gate (Chrono Boost)  Chronoboost warp gate at the end of it completion ONLY after chronoboosting the warp prism
  24  2:15  Adept  
  24  2:32  Dark Shrine  
  24  2:40  Forge  This is to defend against 1 base all-ins and widow mines as required.
  26  2:50  Warp Prism (Chrono Boost)  Chrono and send it to the corner of opponent base
  26  2:56  Gateway  
  26  3:00  Gateway  
  26  3:20  Pylon  
  28  3:50  Dark Templar  
  30  3:52  Dark Templar  
  32  3:54  Dark Templar  Use the DTs to attack the mineral line together, taking out any detection first quickly
  32  3:55  Photon Cannon  Place near mineral line
  32  4:00  Charge (Chrono Boost)  
  32  4:05  Gateway  
  34  4:15  Stalker  At home for defense
  34  4:30  Action  Expand or more gateways + warp ins at home or opponent base